AoeStats
← Draginovko

Arena

510186638Analyzed
1v1 RM · 3d ago on Sep 29, 2026· 33m 31s· 2 players
Game mode
Random Map
Map size
Tiny (2 player)
Population
200
Speed
Normal
Resources
Standard
Victory
Conquest
Starting age
Dark Age
Ending age
Imperial Age
RankedLock teamsTeams togetherTeam positionsShared explorationLock speedFull tech treeHidden civsTurbo modeCheats
Victory
Defeat
🇵🇹 Mapuche · Portugal
431
+16
🇧🇪 Inca · Belgium
430
-16
Draginovko
3:07 Loom
13:17 Feudal Age
20:03 Castle Age
32:20 Arson
32:36 Squires
31:57 Champi Runner
33:21 Forging
33:12 Scale Mail Armor
33:14 Padded Archer Armor
33:05 Fletching
32:59 Horse Collar
33:06 Double-Bit Axe
33:12 Gold Mining
33:13 Stone Mining
Catchmeifyoucan
2:09 Loom
11:51 Feudal Age
20:33 Castle Age
20:03 Horse Collar
27:10 Imperial Age
26:50 Ballistics
Connection lost

Rejoining the realm…

Still unreachable

The connection could not be restored.

Session expired

The server has moved on; the page needs a fresh start.